 Dungeon Crawl Stone Soup version 0.31.0-11-ge490571c62 (webtiles) character file.

Game seed: 2288648119673024792

28771 sasquatch the Metamorph (level 13, -15/102 (103) HPs)
             Began as a Formicid Shapeshifter on Feb 2, 2024.
             Was a High Priest of Uskayaw.
             Demolished by a manticore (20 damage)
             ... on level 5 of the Lair of Beasts.
             The game lasted 00:25:49 (15358 turns).

sasquatch the Metamorph (Formicid Shapeshifter)    Turns: 15358, Time: 00:25:50

HP:   -15/102 (103) AC:  8    Str: 27    XL:     13   Next: 76%
MP:   0/13          EV: 17    Int: 13    God:    Uskayaw [*****.]
Gold: 995           SH:  0    Dex: 13    Spells: 12/12 levels left

rFire   . .          .
                       - Unarmed
rCold   . . .        l - melded +0 buckler
rNeg    . . .        Q - +2 leather armour of Nuthried {rPois Str+3}
rPois   +            (helmet unavailable)
rElec   .            w - +2 cloak {rPois}
rCorr   .            (gloves currently unavailable)
SInv    +            p - +0 pair of boots
Will    +....        R - amulet "Loffeuru" {Spirit Int+3}
Stlth   +            H - +4 ring of slaying
HPRegen 0.37/turn    c - +5 ring of evasion
MPRegen 0.13/turn

%: guardian spirit
@: mighty, blade hands, lightly drained
A: permanent stasis, dig shafts and tunnels, antennae 3, four strong arms
a: Dig, Shaft Self, Begin Untransformation, Renounce Religion, Stomp, Line Pass,
Grand Finale


You were on level 5 of the Lair of Beasts.
You worshipped Uskayaw.
Uskayaw was noncommittal.
You had blades for hands.
You visited 3 branches of the dungeon, and saw 15 of its levels.
You also visited: Bailey.

You collected 995 gold pieces.

Inventory:

Hand Weapons
 i - a +4 war axe
 x - the +6 short sword of Reeplyrch {antimagic, Will+ Dex+3}
   (You took it off a kobold on level 3 of the Dungeon)

   Dex+3:     It affects your dexterity (+3).
   Will+:     It increases your willpower.
 L - the +5 war axe of the Charming Vulture {flame, rN+ Dex+2}
   (You found it on level 6 of the Dungeon)

   Dex+2:     It affects your dexterity (+2).
   rN+:       It protects you from negative energy.
Missiles
 t - 54 poisoned darts (quivered)
Armour
 l - a +0 buckler (melded)
 p - a +0 pair of boots (worn)
 w - a +2 cloak of poison resistance (worn)
 y - a +0 leather armour of cold resistance
 Q - the +2 leather armour of Nuthried (worn) {rPois Str+3}
   (You found it on level 7 of the Dungeon)

   Str+3:     It affects your strength (+3).
   rPois:     It protects you from poison
Magical Staves
 B - a staff of alchemy
Jewellery
 c - a +5 ring of evasion (right blade hand)
 m - an amulet of reflection
 n - a ring of ice
 u - an amulet of the acrobat
 H - a +4 ring of slaying (left blade hand)
 K - a +6 ring of strength
 R - the amulet "Loffeuru" (around neck) {Spirit Int+3}
   (You found it on level 2 of the Lair of Beasts)

   [amulet of guardian spirit]

   Spirit:    It causes incoming damage to be divided between your reserves of
   health and magic.
   Int+3:     It affects your intelligence (+3).
 S - a ring of poison resistance
Talismans
 a - a beast talisman
 d - a flux talisman
 e - a blade talisman (active)
 I - a dragon-blood talisman
Wands
 F - a wand of roots (13)
 J - a wand of polymorph (5)
 O - a wand of flame (15)
 P - a wand of paralysis (15)
Scrolls
 g - 5 scrolls of enchant weapon
 h - 3 scrolls of silence
 j - 4 scrolls of poison
 r - 3 scrolls of noise
 s - a scroll of immolation
 v - 6 scrolls of enchant armour
 N - a scroll of fog
Potions
 b - 5 potions of lignification
 f - a potion of magic {unknown}
 q - 3 potions of might
 z - 2 potions of mutation
 A - 3 potions of enlightenment
 D - a potion of invisibility {unknown}
 E - a potion of ambrosia {unknown}
 G - a potion of haste {unknown}
 M - a potion of resistance {unknown}


   Skills:
 - Level 10.0 Fighting
 + Level 2.8 Armour
 - Level 2.4 Dodging
 - Level 10.0 Shields
 - Level 12.0 Unarmed Combat
 + Level 15.3 Shapeshifting


You had 12 spell levels left.
You didn't know any spells.
Your spell library contained the following spells:

 Spells                   Type           Power      Damage    Failure   Level
 Freeze                   Ice            0%         1d3       34%         1
 Magic Dart               Conj           0%         1d3       34%         1
 Sandblast                Erth           0%         2d4       34%         1
 Slow                     Hex            0%         N/A       34%         1
 Searing Ray              Conj           0%         2d4       45%         2
 Confusing Touch          Hex            0%         N/A       71%         3
 Frozen Ramparts          Ice            0%         1d1       71%         3
 Hailstorm                Conj/Ice       0%         3d5       71%         3
 Passwall                 Erth           0%         N/A       71%         3
 Sigil of Binding         Hex            0%         N/A       71%         3
 Stone Arrow              Conj/Erth      0%         3d7       71%         3
 Vampiric Draining        Necr           0%         2d6       71%         3
 Brom's Barrelling Bould  Conj/Erth      0%         2d3       98%         4
 Fulminant Prism          Conj/Alch      0%         3d5       98%         4
 Leda's Liquefaction      Alch/Erth      0%         N/A       98%         4
 Petrify                  Alch/Erth      0%         N/A       98%         4
 Iskenderun's Battlesphe  Conj           0%         2d6       100%        5
 Metabolic Englaciation   Hex/Ice        0%         N/A       100%        5
 Bombard                  Conj/Erth      0%         9d1       100%        6
 Spellforged Servitor     Conj/Summ      0%         N/A       100%        7


Dungeon Overview and Level Annotations

Branches:
Dungeon (9/15)             Temple (1/1) D:4            Lair (5/5) D:9
  Swamp (0/4) Lair:2       Spider (0/4) Lair:3          Orc (0/2) D:9
 Bailey (visited)
  Slime: Lair:4-5

Altars:
Ashenzari
Dithmenos
Elyvilon
Gozag
Hepliaklqana
Kikubaaqudgha
Makhleb
Nemelex Xobeh
Qazlal
Ru
Sif Muna
Trog
Uskayaw
Vehumet
Wu Jian
Zin

Shops:
D:1 =


Innate Abilities, Weirdness & Mutations

You have blades for hands.
You are incapable of wielding weapons or throwing items.
You cannot be hasted, slowed, berserked, paralysed or teleported.
You can dig through walls and to a lower floor.
You have a pair of large antennae on your head. (SInv)
Your four strong arms can wield two-handed weapons with a shield.


Message History

* * * LOW HITPOINT WARNING * * *
The manticore misses you.
The manticore claws you but does no damage.
You closely miss the wind drake.
The wind drake is lightly wounded.
The wind drake exhales a fierce blast of wind!
You are knocked back by the gust of wind.
You slam into the rock wall!
* * * LOW HITPOINT WARNING * * *
The manticore closely misses you. The manticore claws you!
* * * LOW HITPOINT WARNING * * *
The manticore misses you.
You feel better.
You carefully extract the barbed spikes from your body.
The wind drake barely misses you. The manticore barely misses you.
The manticore claws you.
* * * LOW HITPOINT WARNING * * *
The manticore closely misses you.
Okay, then.
You feel better. The wind drake flaps its wings at you.
The air twists around and strikes you. The manticore completely misses you.
The manticore barely misses you. The manticore claws you!
* * * LOW HITPOINT WARNING * * *
You barely miss the wind drake. Your slash misses the wind drake.
The wind drake is lightly wounded.
The wind drake bites you.
* * * LOW HITPOINT WARNING * * *
You feel better.
The manticore misses you. x2; The manticore claws you!
* * * LOW HITPOINT WARNING * * *
The wind drake closely misses you.
You feel very mighty all of a sudden. The wind drake closely misses you.
The manticore closely misses you. The manticore claws you.
* * * LOW HITPOINT WARNING * * *
The manticore claws you but does no damage.
You barely miss the wind drake.
The wind drake is lightly wounded.
The wind drake completely misses you. The manticore bites you!!
You die...

#### ### #####..###@#####
#######.##..#..#kH#..##.##
................Y.†..k....Y
....................[......
...........................
...........................
...........................
...........................
...........................


You could see a wind drake (repels missiles), a manticore and a yak.

Vanquished Creatures
  A hydra (Lair:4)
  3 death yaks
  A skyshark (Lair:2)
  An orc knight (Bailey)
  A harpy (Lair:5)
  2 manticores (Lair:5)
  An elephant (Lair:3)
  A meliai (Lair:3)
  4 black mambas
  9 cane toads
  2 torpor snails
  A rime drake (Lair:5)
  7 komodo dragons
  A troll (D:9)
  A hornet (D:9)
  5 dream sheep (Lair:5)
  17 blink frogs
  39 yaks
  3 wyverns
  2 basilisks
  2 steam dragons
  8 water moccasins
  2 orc warriors
  An ice beast (D:5)
  2 sky beasts
  A black bear (D:4)
  4 ogres
  A centaur (D:7)
  15 wolves
  6 kobold brigands
  13 bullfrogs
  3 scorpions
  8 killer bees
  2 electric eels (Lair:1)
  8 howler monkeys
  A lava snake (Lair:1)
  4 hounds
  A gnoll bouda (D:5)
  5 orc priests (D:7)
  2 iguanas
  A sleepcap (D:5)
  8 orc wizards
  9 adders
  13 gnolls
  2 shadow imps
  3 white imps
  2 ufetubi (D:6)
  2 dart slugs
  A ribbon worm (D:2)
  33 orcs
  5 ball pythons
  7 endoplasms
  2 giant cockroaches
  8 goblins
  3 hobgoblins
  3 jackals (D:1)
  24 kobolds
  5 quokkas
  5 bats
  4 frilled lizards
  4 rats
335 creatures vanquished.

Notes
Turn   | Place    | Note
-------+----------+-------------------------------------------
     0 | D:1      | sasquatch the Formicid Shapeshifter began the quest for the
                  | Orb.
     0 | D:1      | Reached XP level 1. HP: 15/15 MP: 1/1
    34 | D:1      | Found a faded altar of an unknown god.
   197 | D:1      | Reached XP level 2. HP: 21/21 MP: 2/2
   466 | D:1      | Found Zagoast's Jewellery Boutique.
   495 | D:1      | Reached XP level 3. HP: 20/27 MP: 3/3
  1793 | D:2      | Reached XP level 4. HP: 33/33 MP: 4/4
  2678 | D:3      | Identified the +6 short sword of Reeplyrch {antimagic,
                  | Will+ Dex+3}
  2941 | D:3      | Reached skill level 1 in Shields
  3260 | D:3      | Reached XP level 5. HP: 39/39 MP: 1/5
  3355 | D:4      | Reached skill level 4 in Shapeshifting
  3390 | D:4      | Noticed a black bear
  3397 | D:4      | Killed a black bear
  3398 | D:4      | Reached XP level 6. HP: 47/47 MP: 2/6
  3571 | D:4      | Found a staircase to the Ecumenical Temple.
  3577 | Temple   | Entered the Ecumenical Temple
  3591 | Temple   | Became a worshipper of Uskayaw the Reveller
  3669 | D:4      | Reached * piety under Uskayaw
  3832 | D:5      | Entered Level 5 of the Dungeon
  3848 | D:5      | Reached ** piety under Uskayaw
  4113 | D:5      | Noticed an ogre
  4123 | D:5      | Killed an ogre
  4153 | D:5      | Noticed an ice beast
  4168 | D:5      | Killed an ice beast
  4168 | D:5      | Reached *** piety under Uskayaw
  4169 | D:5      | Reached XP level 7. HP: 18/53 MP: 2/7
  4382 | D:5      | Reached **** piety under Uskayaw
  4504 | D:5      | Reached skill level 5 in Shapeshifting
  4938 | D:6      | Reached skill level 5 in Unarmed Combat
  4938 | D:6      | Reached XP level 8. HP: 54/61 MP: 2/8
  5012 | D:6      | Identified the +5 war axe of the Charming Vulture {flame,
                  | rN+ Dex+2}
  5286 | D:6      | Reached skill level 5 in Shields
  5422 | D:6      | Reached skill level 5 in Fighting
  5756 | D:7      | Identified the +2 leather armour of Nuthried {rPois Str+3}
  5794 | D:7      | Reached skill level 6 in Shapeshifting
  5868 | D:7      | Found a sparkling altar of Nemelex Xobeh.
  5992 | D:7      | Reached XP level 9. HP: 58/69 MP: 3/9
  6338 | D:7      | Reached ***** piety under Uskayaw
  6593 | D:7      | Reached skill level 7 in Shapeshifting
  7199 | D:7      | Reached ****** piety under Uskayaw
  7533 | D:8      | Found a flagged portal.
  7542 | Bailey   | Entered a bailey
  7640 | Bailey   | Noticed an orc knight
  7655 | Bailey   | Killed an orc knight
  7656 | Bailey   | Reached skill level 8 in Shapeshifting
  7656 | Bailey   | Reached XP level 10. HP: 24/80 MP: 3/10
  8524 | D:8      | Found a bloodstained altar of Trog.
  8655 | D:9      | Reached skill level 9 in Shapeshifting
  8669 | D:9      | Found a shimmering blue altar of Sif Muna.
  8777 | D:9      | HP: 1/81 [yak (14)]
  9110 | D:9      | Reached XP level 11. HP: 66/87 MP: 11/11
  9119 | D:9      | Found a staircase to the Orcish Mines.
  9472 | D:9      | Found a staircase to the Lair.
  9579 | D:9      | Found a burning altar of Makhleb.
  9825 | Lair:1   | Entered Level 1 of the Lair of Beasts
 10051 | Lair:1   | Got Xuzoum's Precepts of the Frostbound Lithosphere
 10568 | Lair:1   | Reached skill level 10 in Shapeshifting
 10700 | Lair:1   | Reached skill level 10 in Unarmed Combat
 11492 | Lair:2   | Reached skill level 10 in Fighting
 11712 | Lair:2   | Reached XP level 12. HP: 97/97 MP: 12/12
 11728 | Lair:2   | Identified the amulet "Loffeuru" {Spirit Int+3}
 11770 | Lair:2   | Reached skill level 10 in Shields
 11944 | Lair:2   | Reached skill level 11 in Shapeshifting
 12168 | Lair:2   | Noticed a skyshark
 12177 | Lair:2   | Killed a skyshark
 12371 | Lair:2   | Found a staircase to the Swamp.
 12535 | Lair:3   | Found a hole to the Spider Nest.
 13251 | Lair:3   | Reached skill level 12 in Shapeshifting
 13393 | Lair:3   | Noticed a death yak
 13436 | Lair:3   | Killed a death yak
 13556 | Lair:3   | Reached XP level 13. HP: 80/103 MP: 13/13
 13697 | Lair:3   | You fall into a shaft and drop 2 floors!
 13697 | Lair:5   | Entered Level 5 of the Lair of Beasts
 13710 | Lair:5   | Reached skill level 13 in Shapeshifting
 14160 | Lair:5   | Reached skill level 14 in Shapeshifting
 14615 | Lair:4   | Noticed a seven-headed hydra
 14624 | Lair:4   | Killed a seven-headed hydra
 14630 | Lair:4   | Reached skill level 15 in Shapeshifting
 15006 | Lair:5   | Reached skill level 1 in Armour
 15352 | Lair:5   | HP: 1/102 [manticore (8)]
 15357 | Lair:5   | HP: 5/102 [manticore (2)]
 15358 | Lair:5   | Demolished by a manticore

Illustrated notes

Levels and vault maps discovered:
D:1:      dpeg_arrival_refuge, layout_loops_corners, serial_shops, shop,
          basic_ecumenical_altar, minmay_three_crescents
D:2:      layout_basic
D:3:      layout_loops_corners
D:4:      layout_rooms, temple_green
D:5:      layout_loops_ring
D:6:      nicolae_BIG_FREAKIN_CUBE, layout_basic
D:7:      layout_loops_cross, amcnicky_altar_gilded, minmay_misc_feat_enclosed,
          kennysheep_generic_room_10
D:8:      layout_basic, mainiacjoe_overflow_alcove_2, enter_bailey_7,
          moated_statue
D:9:      layout_gridville, overflow_temple_1_default,
          mainiacjoe_overflow_alcove_4, lair_entry_dummy,
          kennysheep_orc_monster_closet_entryway, minmay_misc_feat_doors
Temple:   chequers_temple_sunken
Lair:1:   layout_gridlike
Lair:2:   layout_misc_corridors, swamp_mist
Lair:3:   nzn_winding_woodlands_large [nzn_winding_woodlands_5x5_three,
          nzn_winding_woodlands_5x15_cabin, nzn_winding_woodlands_5x5_open_star,
          nzn_winding_woodlands_center_garden,
          nzn_winding_woodlands_15x15_thick_spiral,
          nzn_winding_woodlands_center_diamonds,
          nzn_winding_woodlands_hourglass,
          nzn_winding_woodlands_5x15_pathside_ponds,
          nzn_winding_woodlands_5x5_checkerboard], layout_cave_pods,
          hellmonk_spider_entry_not_the_bees, uniq_nergalle
Lair:4:   layout_small_grid, dpeg_slime_entry_enclosed, grunt_megastairs_5,
          uniq_kirke
Lair:5:   gammafunk_lair_ancient_temple, layout_big_grid,
          portal_ice_cave_entry_pillars_1

Skill      XL: |  1  2  3  4  5  6  7  8  9 10 11 12 13 |
---------------+----------------------------------------+-----
Dodging        | 2 |  2.4
Fighting       | 2 3 4 5 8 10 | 10.0
Shields        | 1 2 3 4 6 7 9 10 | 10.0
Shapeshifting  | 4 5 6 8 9 10 12 15 | 15.3
Unarmed Combat | 4 5 6 7 9 10 12 | 12.0
Armour         | 2 |  2.8

Action                     |  1- 3 |  4- 6 |  7- 9 | 10-12 | 13-15 || total
---------------------------+-------+-------+-------+-------+-------++-------
  Melee: Unarmed           |    84 |    70 |       |   347 |   151 ||   652
         Punch             |     2 |       |       |       |     2 ||     4
         Short sword       |       |    90 |   342 |   161 |       ||   593
  Throw: Dart              |       |    11 |       |     2 |       ||    13
Ability: Begin Untransform |       |     1 |       |       |       ||     1
         Dig               |       |       |       |       |     2 ||     2
         Shaft Self        |       |       |       |       |     1 ||     1
  Evoke: Wand              |       |     3 |     1 |     6 |       ||    10
    Use: Scroll            |       |       |    14 |     2 |       ||    16
         Potion            |       |       |     2 |     1 |     6 ||     9
   Stab: Sleeping          |     1 |       |       |       |       ||     1
         Paralysed         |       |       |    18 |    32 |     9 ||    59
         Distracted        |       |       |       |     1 |       ||     1
 Armour: Animal skin       |    12 |       |       |       |       ||    12
         Ring mail         |    27 |    51 |   111 |       |       ||   189
         Leather armour    |       |       |    50 |   205 |    86 ||   341
  Dodge: Dodged            |    37 |    38 |   147 |   152 |    58 ||   432
  Block: Buckler           |       |    65 |   182 |   196 |    53 ||   496
         Reflection        |       |     3 |     3 |     5 |     1 ||    12
         Other             |       |       |       |       |     2 ||     2
   Form: Beast             |       |       |       |     1 |       ||     1
         Blade             |       |       |       |       |     1 ||     1
